Map: Thunderbird LE

Players

PtitDrogo

  • Race: Protoss Protoss
  • League: Master
  • Spawn Location: 5:00

Elazer - Winner!

  • Race: Zerg Zerg
  • Spawn Location: 11:00

VOD

Have the link to the VOD?

Description

Time

  • Played on: Sept. 7, 2019, 3:21 p.m.
  • Length: 7:19
Show
View Real Time Build Order
Export as new Build Order

PtitDrogo Protoss 

Build Orders: 1 Gate Expand, Oracle Opening, Zealot Archon 

Get SALT Encoding   

  12  0:00  Probe  
  13  0:13  Probe  
  14  0:18  Pylon  
  14  0:24  Probe  
  15  0:28  Assimilator  
  15  0:33  Probe  
  15  0:41  Probe  
  16  0:47  Gateway  
  17  0:51  Probe  
  18  1:03  Probe  
  19  1:15  Probe  
  20  1:22  Nexus  
  20  1:34  Cybernetics Core  
  20  1:37  Probe  
  21  1:40  Assimilator  
  21  1:49  Probe  
  21  1:50  Pylon  
  22  2:01  Probe  
  23  2:02  Adept  
  23  2:13  Probe  
  23  2:14  Stargate  
  26  2:20  Warp Gate  
  26  2:24  Probe  
  27  2:31  Probe, Stalker  
  27  2:33  Probe  
  31  2:39  Probe  
  31  2:41  Probe  
  32  2:49  Probe  
  32  2:51  Oracle, Probe  
  35  3:02  Probe  
  39  3:07  Pylon  
  39  3:12  Probe  
  40  3:14  Probe  
  40  3:18  Oracle  
  41  3:24  Probe  
  41  3:26  Probe  
  46  3:34  Nexus  
  46  3:36  Probe  
  46  3:38  Probe  
  48  3:42  Gateway  
  48  3:48  Probe  
  48  3:50  Assimilator  
  48  3:52  Assimilator  
  48  3:54  Probe  
  50  3:57  Pylon  
  50  4:00  Probe  
  51  4:06  Probe, Robotics Facility  
  51  4:09  Adept  
  54  4:15  Probe  
  55  4:18  Probe  
  55  4:22  Twilight Council  
  56  4:24  Forge  
  56  4:28  Probe  
  56  4:30  Probe  
  58  4:40  Gateway, Probe  
  58  4:42  Probe  
  58  4:43  Gateway  
  60  4:47  Immortal  
  60  4:50  Probe  
  60  4:52  Pylon, Probe  
  62  4:54  Probe  
  62  4:57  Shield Battery  
  67  5:08  Shield Battery  
  67  5:13  Pylon  
  63  5:16  Templar Archives  
  63  5:26  Charge  
  63  5:30  Probe  
  63  5:32  Zealot x2  
  60  5:41  Immortal  
  60  5:48  Zealot  
  60  5:49  Zealot  
  59  6:01  Zealot  
  60  6:11  Pylon  
  60  6:12  Zealot  
  60  6:13  Pylon  
  60  6:20  Probe x2  
  57  6:27  Pylon  
  50  6:34  High Templar x2  
  50  6:38  Shield Battery, Archon  
  50  6:39  Shield Battery  
  49  6:42  Shield Battery  
  49  6:44  Zealot  
  49  6:46  Zealot  
  52  6:49  Pylon  
  51  6:55  Probe x2  
  51  7:08  Zealot x2  
Show
View Real Time Build Order
Export as new Build Order

Elazer Zerg - Winner!

Build Orders: Hatch First 

Get SALT Encoding   

  12  0:00  Drone  
  13  0:12  Overlord  
  13  0:19  Drone  
  14  0:31  Drone  
  15  0:44  Hatchery  
  15  0:48  Drone  
  15  0:52  Drone  
  15  0:56  Drone  
  17  1:00  Drone  
  18  1:10  Extractor  
  17  1:15  Spawning Pool  
  16  1:18  Drone  
  16  1:22  Drone  
  18  1:31  Drone  
  19  1:42  Drone  
  20  1:52  Drone  
  21  1:56  Drone  
  21  2:01  Queen x2  
  22  2:03  Overlord  
  22  2:07  Zergling x2  
  27  2:14  Zergling x2  
  28  2:23  Drone  
  28  2:25  Drone  
  30  2:30  Drone  
  30  2:31  Hatchery  
  30  2:36  Drone  
  31  2:40  Queen  
  33  2:45  Metabolic Boost  
  33  2:50  Overlord  
  33  2:53  Drone  
  33  2:55  Drone  
  35  3:00  Drone  
  36  3:10  Drone  
  36  3:11  Drone x4  
  36  3:12  Drone  
  42  3:15  Overlord  
  42  3:20  Queen  
  44  3:27  Lair  
  44  3:37  Drone x5  
  44  3:41  Overlord  
  49  3:42  Zergling x4  
  49  3:47  Queen  
  53  3:56  Queen  
  53  3:59  Spore Crawler  
  53  4:01  Zergling x8  
  58  4:04  Overlord  
  58  4:17  Overlord  
  58  4:18  Zergling x10  
  58  4:22  Spore Crawler  
  62  4:24  Queen  
  62  4:27  Overlord  
  63  4:31  Nydus Network  
  63  4:32  Zergling x2  
  63  4:33  Zergling x2  
  63  4:37  Zergling x6  
  67  4:41  Zergling x2  
  67  4:42  Zergling x2  
  69  4:51  Zergling x12  
  75  4:57  Zergling x2  
  75  4:58  Zergling x6  
  79  5:01  Queen  
  81  5:09  Nydus Canal  
  81  5:12  Zergling x8  
  81  5:13  Zergling x4  
  87  5:15  Zergling x2  
  87  5:19  Zergling x4  
  87  5:20  Zergling x2  
  88  5:24  Nydus Canal  
  88  5:26  Zergling x2  
  87  5:32  Zergling x4  
  87  5:34  Nydus Canal, Zergling x2  
  90  5:40  Zergling x2  
  90  5:42  Queen  
  88  5:43  Queen  
  88  5:44  Queen  
  88  5:48  Zergling x4  
  89  5:51  Nydus Canal  
  89  5:52  Zergling x2  
  89  5:57  Zergling x2  
  89  5:59  Zergling x2  
  89  6:07  Zergling x2  
  89  6:14  Zergling x6  
  89  6:16  Zergling x2  
  89  6:22  Zergling x2  
  89  6:24  Queen  
  89  6:29  Zergling x2  
  89  6:35  Zergling x2  
  89  6:38  Zergling x2  
  89  6:41  Zergling x2  
  89  6:43  Nydus Canal  
  89  6:45  Zergling x2  
  89  6:55  Overlord  
  89  6:56  Overlord  
  89  6:58  Nydus Canal  
  90  7:14  Nydus Canal  
Tags
 
Add a new tag
Caveats
  • Supply blocks, unpowered buildings, or Contaminate may cause inaccurate times.
  • Supply counts are checked every 10 seconds.